 Dungeon Crawl Stone Soup version 0.27-a0-1557-g57f10a385c (webtiles) character file.

Game seed: 8564889194698815995

6 Apogee the Skirmisher (level 1, 0/11 HPs)
             Began as a Vine Stalker Abyssal Knight on July 15, 2021.
             Was an Initiate of Lugonu.
             Slain by a ball python (1 damage)
             ... on level 1 of the Dungeon.
             The game lasted 00:00:50 (376 turns).

Apogee the Skirmisher (Vine Stalker Abyssal Knight)  Turns: 376, Time: 00:00:51

Health: 0/11       AC:  3    Str: 14    XL:     1   Next: 90%
Magic:  0/3        EV:  8    Int: 12    God:    Lugonu [......]
Gold:   25         SH:  0    Dex: 13    Spells: 0/0 levels left

rFire    . . .     SeeInvis .   a - +1 short sword
rCold    . . .     Faith    .   (no shield)
rNeg     . . .     Spirit   +   b - +0 leather armour
rPois    .         Reflect  .   (no helmet)
rElec    .         Harm     .   (no cloak)
rCorr    .         Rampage  .   (no gloves)
Will     .....                  (no boots)
Stlth    +.........             c - amulet of the acrobat
HPRegen  0.03/turn              (no ring)
MPRegen  0.08/turn              (no ring)

@: constricted
A: fangs 2, magic shield, antimagic bite, no potion heal 2
a: Renounce Religion


You were on level 1 of the Dungeon.
You worshipped Lugonu.
Lugonu was noncommittal.
You visited 1 branch of the dungeon, and saw 1 of its levels.
You visited the Abyss 1 time.

You collected 25 gold pieces.

Inventory:

Hand Weapons
 a - a +1 short sword (weapon)
Armour
 b - a +0 leather armour (worn)
Jewellery
 c - an amulet of the acrobat (around neck)
   (You found it on level 1 of the Abyss)
Scrolls
 d - 3 scrolls of blinking {unknown}
 e - a scroll of immolation {unknown}


   Skills:
 + Level 2.7 Fighting
 + Level 1.9 Short Blades
 + Level 1.6 Armour
 + Level 0.9 Dodging
 + Level 1.9 Invocations


You couldn't memorise any spells.
You didn't know any spells.
Your spell library was empty.

Dungeon Overview and Level Annotations

Branches:
Dungeon (1/15)

Altars:


Innate Abilities, Weirdness & Mutations

You have extremely sharp teeth.
When hurt, damage is shared between your health and your magic reserves.
Your bite disrupts and absorbs the magic of your enemies.
Potions cannot restore your health.


Message History

A frilled lizard is nearby!
The frilled lizard bites you but does no damage.
You puncture the frilled lizard!
You kill the frilled lizard!
Lugonu accepts your kill.
No target in view!
You open the door.
There is an open door here.
A giant cockroach comes into view.
A giant cockroach is nearby!
A giant cockroach is nearby!
You barely miss the giant cockroach.
The giant cockroach completely misses you.
You hit the giant cockroach. The giant cockroach closely misses you.
You closely miss the giant cockroach.
You bite the giant cockroach, but do no damage.
The giant cockroach barely misses you.
You hit the giant cockroach.
You kill the giant cockroach!
Lugonu accepts your kill.
No target in view!
A ball python comes into view.
The ball python hisses angrily.
The ball python moves out of view.
Found a helmet.
A ball python is nearby!
You closely miss the ball python. The ball python bites you.
The ball python misses you.
You closely miss the ball python.
You bite the ball python, but do no damage.
The ball python barely misses you. The ball python grabs you.
The ball python constricts you.
You barely miss the ball python. Your bite misses the ball python.
The ball python bites you but does no damage.
The ball python constricts you. The ball python bites you.
* * * LOW HITPOINT WARNING * * *
The ball python constricts you.
You don't know any spells.
Okay, then.
You hit the ball python. The ball python bites you.
* * * LOW HITPOINT WARNING * * *
* * * LOW HITPOINT WARNING * * *
The ball python constricts you.
You closely miss the ball python. Your bite misses the ball python.
The ball python closely misses you. The ball python constricts you.
Unknown command.
Unknown command.
You completely miss the ball python. The ball python bites you.
* * * LOW HITPOINT WARNING * * *
You die...

#####. ###.####.##.......
#.....##......#.##.#####.
#......#......'..........
#......#......#.......##.
#.............#....##.##.
######.......#....##.##.
#.#######....##.##.
###.#....##....##.#..
#...@S...##.#####.#..
#........##.# #.#..
#........##. #..
#...#....# #...#......
....#..###.. .[..##..# .
..... ...


You could see a ball python.

Vanquished Creatures
  A dart slug (D:1)
  An endoplasm (D:1)
  A giant cockroach (D:1)
  A frilled lizard (D:1)
4 creatures vanquished.

Notes
Turn   | Place    | Note
-------+----------+-------------------------------------------
     0 | Abyss:1  | Apogee the Vine Stalker Abyssal Knight began the quest for
                  | the Orb.
     0 | Abyss:1  | Reached XP level 1. HP: 11/11 MP: 3/3
   100 | Abyss:2  | Noticed a large abomination
   103 | D:1      | Escaped the Abyss
   376 | D:1      | Slain by a ball python

Illustrated notes

Levels and vault maps discovered:
D:1:      kennysheep_arrival_seaside, layout_basic, st_stairs_14

Action                   || total
-------------------------++-------
Melee: Short sword       ||    19
       Bite              ||     6
Invok: Depart the Abyss  ||     1
Armor: Leather armour    ||     3
Dodge: Dodged            ||     7

Table legend: (Time is in decaauts)
 A = Elapsed time spent in this place.
 B = Non-inter-level travel time spent in this place.
 C = Inter-level travel time spent in this place.
 D = Time resting spent in this place.
 E = Time spent auto-exploring this place.
 F = Levels seen in this place.
 G = Mean time per level.
                   A        B        C        D        E       F      G
               +--------+--------+--------+--------+--------+-----+--------+
         Total |    375 |    375 |      0 |    175 |    149 |   3 |  125.0 |
       Dungeon |    273 |    273 |      0 |    175 |     62 |   1 |  273.0 |
         Abyss |    102 |    102 |      0 |      0 |     87 |   2 |   51.0 |
               +--------+--------+--------+--------+--------+-----+--------+

Top non-repeatable levels by time:
     D:1: 273 daAuts
 Abyss:2: 78 daAuts
 Abyss:1: 24 daAuts
